 Dungeon Crawl Stone Soup version 0.21.1-1-g345015fe64 (webtiles) character file.

106 Ivernyr the Changer (level 4, 0/28 HPs)
             Began as an Octopode Transmuter on Apr 6, 2018.
             Succumbed to a kobold's poison
             ... on level 3 of the Dungeon.
             The game lasted 00:13:27 (1463 turns).

Ivernyr the Changer (Octopode Transmuter)           Turns: 1463, Time: 00:13:27

Health: 0/28       AC:  1    Str:  9    XL:     4   Next: 84%
Magic:  3/7        EV: 13    Int: 16    God:
Gold:   121        SH:  0    Dex: 12    Spells: 1/7 levels left

rFire    . . .     SeeInvis .     - Unarmed
rCold    . . .     Gourm    .   (no shield)
rNeg     . . .     Faith    .   (helmet restricted)
rPois    .         Spirit   .   (no amulet)
rElec    .         Reflect  .   (no ring)
rCorr    .         Harm     .   (no ring)
MR       .....                  (no ring)
Stlth    ++........             (no ring)
HPRegen  0.09/turn              (no ring)
MPRegen  0.10/turn              (no ring)
                                (no ring)
                                (no ring)

@: lethally poisoned (0 -> -17), berserk cooldown, slowed, very slow
A: almost no armour, stealthy swim, amphibious, 8 rings, constrict 8, camouflage
1, gelatinous body 1
a: no special abilities


You were on level 3 of the Dungeon.
You were not hungry.

You visited 1 branch of the dungeon, and saw 3 of its levels.

You collected 121 gold pieces.

Inventory:

Missiles
 a - 12 arrows
Scrolls
 e - 2 scrolls of remove curse {unknown}
 g - 3 scrolls of identify {unknown}
 i - 2 scrolls of fear {unknown}
 j - 3 scrolls of amnesia {unknown}
 k - 2 scrolls of enchant weapon {unknown}
 r - a scroll of teleportation {unknown}
Potions
 d - a potion of agility {unknown}
 f - a potion of cancellation {unknown}
 h - a potion of berserk rage
 l - a potion of curing {unknown}
 m - a potion of lignification {unknown}
 n - a potion of brilliance {unknown}
 o - 2 potions of haste {unknown}
 p - a potion of magic {unknown}
 q - a potion of flight {unknown}
Books
 b - a book of Changes

   Spells                             Type                      Level
   a - Beastly Appendage              Transmutation                1
   b - Sticks to Snakes               Transmutation                2
   c - Spider Form                    Transmutation/Poison         3
   d - Ice Form                       Ice/Transmutation            4
   e - Blade Hands                    Transmutation                5
Comestibles
 c - 5 rations


   Skills:
 - Level 1.0 Fighting
 - Level 2.0 Dodging
 - Level 3.0 Unarmed Combat
 - Level 2.0 Spellcasting
 + Level 4.9 Transmutations


You had one spell level left.
You knew the following spells:

 Your Spells              Type           Power        Failure   Level  Hunger
a - Beastly Appendage     Tmut           ###...       2%          1    #......
b - Sticks to Snakes      Tmut           ###.....     4%          2    ###....
c - Spider Form           Tmut/Pois      #.........   22%         3    ###....


Dungeon Overview and Level Annotations

Branches:
Dungeon (3/15)

Altars:


Innate Abilities, Weirdness & Mutations

You cannot wear most types of armour.
You are very stealthy in the water. (Stealth+)
You are amphibious.
You can wear up to eight rings at the same time.
You can use your tentacles to constrict eight enemies at once.
Your skin changes colour to match your surroundings (Stealth+).
Your rubbery body absorbs attacks. (AC +1, EV +1)


Message History

It was a potion of berserk rage.
A red film seems to cover your vision as you go berserk!
You feel yourself moving faster!
You feel mighty!
* * * LOW HITPOINT WARNING * * *
You feel sick.
The kobold shoots a poisoned needle.
The poisoned needle misses you.
You feel a strong urge to attack something.
* * * LOW HITPOINT WARNING * * *
You feel sick.
The kobold shoots a poisoned needle.
The poisoned needle hits you.
You are more poisoned.
You see here a poisoned needle.
You are too berserk!
You are too berserk!
* * * LOW HITPOINT WARNING * * *
You feel sick.
You feel your anger nearly subside.
You are no longer berserk.
You are exhausted.
You feel yourself slow down.
You die...

#..#.#.#..#
#.........###
#..#.#.#.<..# #####
##........###
.....#####.#.#.#..#
#..............#
###.......######
#.####### #@######
#......# ##(####..#
♣≈(♣♣ ♣♣(P♣ ♣≈.≈♣ .
♣≈≈♣♣ ... ♣♣♣♣.≈.♣
♣♣
...oP♣.≈♣[≈≈♣P≈♣♣.


There were no monsters in sight!

Vanquished Creatures
  An orc priest (D:3)
  Ijyb (D:3)
  3 adders (D:2)
  3 worms
  2 giant cockroaches
  3 goblins
  A hobgoblin (D:2)
  A ball python (D:2)
  2 bats (D:1)
  3 kobolds
  2 rats
22 creatures vanquished.

Vanquished Creatures (others)
  A plant (D:3)
1 creature vanquished.

Grand Total: 23 creatures vanquished

Notes
Turn   | Place    | Note
-------+----------+-------------------------------------------
     0 | D:1      | Ivernyr the Octopode Transmuter began the quest for the Orb.
     0 | D:1      | Reached XP level 1. HP: 13/13 MP: 3/3
   384 | D:1      | Reached XP level 2. HP: 3/18 MP: 3/5
   634 | D:1      | Learned a level 2 spell: Sticks to Snakes
   650 | D:1      | Reached skill level 3 in Transmutations
   822 | D:2      | Reached XP level 3. HP: 19/23 MP: 6/6
  1057 | D:2      | Reached skill level 4 in Transmutations
  1434 | D:3      | Learned a level 3 spell: Spider Form
  1441 | D:3      | Noticed Ijyb
  1445 | D:3      | Reached XP level 4. HP: 28/28 MP: 1/7
  1457 | D:3      | Killed Ijyb
  1461 | D:3      | HP: 2/42 [poisoned by a kobold]
  1463 | D:3      | Succumbed to a kobold's poison

Skill      XL: |  1  2  3 |
---------------+----------+-----
Transmutations | 3 4 |  4.9
Fighting       | |  1.0
Dodging        | |  2.0
Unarmed Combat | |  3.0
Spellcasting   | |  2.0

Action                   |  1- 3 |  4- 6 || total
-------------------------+-------+-------++-------
Melee: Unarmed           |    54 |     6 ||    60
       Constrict         |    12 |       ||    12
       Tentacles         |     5 |       ||     5
       Kick              |     9 |       ||     9
       Punch             |     1 |       ||     1
 Cast: Beastly Appendage |     5 |       ||     5
       Spider Form       |     2 |       ||     2
  Use: Potion            |       |     1 ||     1
 Stab: Sleeping          |     4 |       ||     4
  Eat: Chunk             |     2 |       ||     2
Armor: Skin              |     2 |       ||     2
Dodge: Dodged            |    26 |     6 ||    32
